 Dungeon Crawl Stone Soup version 0.24-a0-361-g57161393b2 (webtiles) character file.

Game seed: 2669080676299039230

77 Borgoz the Slasher (level 4, -5/28 HPs)
             Began as a Gargoyle Monk on May 26, 2019.
             Blown up by Ijyb (30 damage)
             ... with a disintegration bolt
             ... on level 2 of the Dungeon.
             The game lasted 00:02:08 (1678 turns).

Borgoz the Slasher (Gargoyle Monk)                  Turns: 1678, Time: 00:02:09

Health: -5/28      AC:  9    Str: 16    XL:     4   Next: 34%
Magic:  4/4        EV: 11    Int: 10    God:
Gold:   55         SH:  0    Dex: 12    Spells: 3/3 levels left

rFire    . . .     SeeInvis .   a - +0 falchion
rCold    . . .     Gourm    .   (no shield)
rNeg     + . .     Faith    .   e - +0 ring mail
rPois    ∞         Spirit   .   (no helmet)
rElec    +         Reflect  .   (no cloak)
rCorr    .         Harm     .   (no gloves)
MR       .....                  (no boots)
Stlth    +.........             (no amulet)
HPRegen  0.09/turn              (no ring)
MPRegen  0.09/turn              (no ring)

@: no status effects
A: negative energy resistance 1, electricity resistance, unbreathing,
petrification resistance, rot immunity, AC +3
a: no special abilities


You were on level 2 of the Dungeon.
You were not hungry.

You visited 1 branch of the dungeon, and saw 2 of its levels.

You collected 55 gold pieces.

Inventory:

Hand Weapons
 a - a +0 falchion (weapon)
Armour
 e - a +0 ring mail (worn)
Scrolls
 g - a scroll of random uselessness {unknown}
 i - a scroll of magic mapping {unknown}
 j - 2 scrolls of identify {unknown}
 l - a scroll of remove curse {unknown}
Potions
 d - 3 potions of curing
 f - a potion of cancellation {unknown}
 h - a potion of flight {unknown}
 k - a potion of haste {unknown}
Comestibles
 b - a chunk of flesh
 c - a ration


   Skills:
 - Level 3.2 Fighting
 * Level 3.7 Long Blades
 + Level 1.8 Armour
 + Level 2.9 Dodging
 - Level 2.1 Stealth


You had 3 spell levels left.
You didn't know any spells.
Your spell library was empty.

Dungeon Overview and Level Annotations

Branches:
Dungeon (2/15)

Altars:
Nemelex Xobeh
Trog

Annotations:
D:2 Ijyb


Innate Abilities, Weirdness & Mutations

You are resistant to torment.
Your stone body is resilient. (AC +3)
You are immune to poison.
You resist negative energy. (rN+)
You are resistant to electric shocks. (rElec)
You can survive without breathing.
You are immune to petrification.
You are immune to rotting.


Message History

Ijyb hits you but does no damage. Ijyb barely misses you.
You riposte.
You hit Ijyb but do no damage.
Ijyb is moderately wounded.
You hit Ijyb but do no damage.
Ijyb is moderately wounded.
Ijyb barely misses you.
You riposte.
You hit Ijyb.
Ijyb is moderately wounded.
Ijyb hits you but does no damage.
You hit Ijyb.
Ijyb is moderately wounded.
Ijyb hits you with a +0 dagger.
You hit Ijyb.
Ijyb is moderately wounded.
Ijyb hits you but does no damage. x2
You hit Ijyb.
Ijyb is heavily wounded.
Ijyb is no longer berserk.
Ijyb barely misses you.
Ijyb zaps a wand.
You are blasted!
Ouch! That really hurt!
You die...

#8.....8#
.......<
#..))...#
#####.##
#8.....8# #
#.......#
##.##
#.......#
#....
#.gg..###
#..##
###g###
#.... #g#
#>.## #@# .
#(# #.# #.#
# #######.#
## #.......#
##.
#.#####.#
##### ####..
#.......#
#...###.#...
#.......#
###.÷..##...


You could see Ijyb and 3 goblins.

Vanquished Creatures
  Terence (D:2)
  An ooze (D:1)
  3 worms (D:2)
  A dart slug (D:1)
  A leopard gecko (D:1)
  A ball python (D:2)
  4 bats
  2 giant cockroaches
  5 hobgoblins
  4 frilled lizards
  5 goblins
  2 kobolds (D:1)
  6 rats
36 creatures vanquished.

Vanquished Creatures (others)
  An adder (D:2)
1 creature vanquished.

Grand Total: 37 creatures vanquished

Notes
Turn   | Place    | Note
-------+----------+-------------------------------------------
     0 | D:1      | Borgoz the Gargoyle Monk began the quest for the Orb.
     0 | D:1      | Reached XP level 1. HP: 14/14 MP: 1/1
    98 | D:1      | Reached XP level 2. HP: 16/19 MP: 2/2
   450 | D:1      | Reached skill level 1 in Armour
   730 | D:1      | Reached XP level 3. HP: 23/23 MP: 3/3
  1073 | D:2      | Noticed Terence
  1098 | D:2      | Killed Terence
  1098 | D:2      | Reached XP level 4. HP: 25/28 MP: 4/4
  1227 | D:2      | Found a sparkling altar of Nemelex Xobeh.
  1266 | D:2      | Noticed a moth of wrath
  1269 | D:2      | Found a bloodstained altar of Trog.
  1650 | D:2      | Noticed Ijyb
  1678 | D:2      | Blown up by Ijyb

Levels and vault maps discovered:
D:1:      nicolae_arrival_somewhat_less_tricky_arrival, layout_basic,
          item_on_display_a
D:2:      kennysheep_the_goblin_king, layout_loops_ring,
          nicolae_overflow_crystal_walls, tgw_trog, serial_bayou_pond_b,
          lemuel_flame_loot_1, uniq_terence

Skill      XL: |  1  2 |
---------------+-------+-----
Long Blades    | 3 |  3.7
Armour         | 1 |  1.8
Fighting       | |  3.2
Dodging        | |  2.9
Stealth        | |  2.1

Action                   |  1- 3 |  4- 6 || total
-------------------------+-------+-------++-------
Melee: Falchion          |    92 |    46 ||   138
  Use: Potion            |       |     1 ||     1
 Stab: Sleeping          |     1 |     1 ||     2
  Eat: Chunk             |     1 |     2 ||     3
Armor: Ring mail         |    35 |    13 ||    48
       Robe              |     3 |       ||     3
Dodge: Dodged            |    73 |    30 ||   103
       Rpst.: Falchion   |    18 |    10 ||    28

Table legend:
 A = Non-vault XP
 B = Vault XP
 C = Vault XP percentage of total XP
 D = Non-vault monster count
 E = Vault monster count
 F = Vault count percentage of total count
                 A         B        C        D         E       F
            +---------+---------+-------+---------+---------+-------
      Total |      54 |      57 |  51.4 |      27 |       9 |  25.0
            +---------+---------+-------+---------+---------+-------
        D:1 |      35 |       0 |   0.0 |      17 |       0 |   0.0
        D:2 |      19 |      57 |  75.0 |      10 |       9 |  47.4
            +---------+---------+-------+---------+---------+-------
